[Event "Titled Tuesday Blitz August 15 Early 2023"]
[White "Smietanska, Wiktoria"]
[Black "Harriott, Tyrell"]
[WhiteFideId "21869359"]
[BlackFideId "2086484"]
[WhiteElo "2264"]
[BlackElo "2430"]
[Result "1-0"]
[Round "3"]
[TimeControl "180+1"]
[Date "2023.08.15"]
[WhiteClock "0:00:05"]
[BlackClock "0:00:12"]
[Board "180"]

1. c4 e6 2. Nc3 d5 3. cxd5 exd5 4. d4 f5 5. Nf3 Nf6 6. Bg5 Be7 7. e3 O-O 8. Bd3 c6 9. O-O Ne4 10. Bxe7 Qxe7 11. Ne5 Nd7 12. f4 Nxe5 13. fxe5 Be6 14. Ne2 b6 15. Nf4 Bf7 16. Rc1 c5 17. dxc5 bxc5 18. e6 Bxe6 19. Nxe6 Qxe6 20. Bxe4 Qxe4 21. Qf3 Rac8 22. Qxe4 fxe4 23. Rfd1 Rfd8 24. Rc2 Kf7 25. Rdc1 c4 26. b3 Ke6 27. bxc4 dxc4 28. Rxc4 Rxc4 29. Rxc4 Rd1+ 30. Kf2 Rd2+ 31. Kg3 Kd5 32. Ra4 Rd3 33. Ra5+ Kc6 34. Kf4 Kb6 35. Ra4 Rd2 36. Kg3 Re2 37. Rxe4 Rxa2 38. Re6+ Kb5 39. Re7 Ra3 40. Kf4 g5+ 41. Kxg5 a5 42. e4 a4 43. Rxh7 Ra2 44. e5 Rxg2+ 45. Kf6 Rf2+ 46. Ke6 a3 47. Ra7 a2 48. h4 Rh2 49. h5 Re2 50. h6 Rh2 51. Ke7 Rxh6 52. Rxa2 Kc5 53. Rd2 Rh7+ 54. Kf6 Rh6+ 55. Kf7 Rh7+ 56. Kg6 Re7 57. Kf6 Rh7 58. e6 Rh1 59. e7 Rf1+ 60. Ke6 Re1+ 61. Kf7 Rf1+ 62. Ke8 Kc6 63. Kd8 Ra1 64. e8=Q+ Kc5 65. Qe5+ Kc6 66. Qxa1 1-0


[Site "https://www.chess.com"]

[Event "Titled Tuesday Blitz August 15 Early 2023"]
[White "Batsiashvili, Nino"]
[Black "Floresvillar Gonzalez, Luis Migu"]
[WhiteFideId "13602993"]
[BlackFideId "5100542"]
[WhiteElo "2428"]
[BlackElo "2116"]
[Result "1-0"]
[Round "3"]
[TimeControl "180+1"]
[Date "2023.08.15"]
[WhiteClock "0:01:28"]
[BlackClock "0:00:00"]
[Board "181"]

1. d4 c6 2. e4 d5 3. exd5 cxd5 4. Bd3 Nc6 5. c3 Qc7 6. Ne2 Bg4 7. O-O Nf6 8. f3 Bh5 9. Qe1 e6 10. Qh4 Bd6 11. Bg5 Bg6 12. Bxg6 fxg6 13. Bxf6 gxf6 14. Qxf6 Kd7 15. Qh4 g5 16. Qh5 Raf8 17. Nd2 h6 18. c4 Qa5 19. cxd5 Qxd2 20. dxc6+ bxc6 21. Nc3 Qxb2 22. Ne4 Qxd4+ 23. Kh1 Qc4 24. Rad1 Kc7 25. Nxd6 Qxa2 26. Ne4 1-0


[Site "https://www.chess.com"]

[Event "Titled Tuesday Blitz August 15 Early 2023"]
[White "Toktomushev, Teimur"]
[Black "Hartikainen, Jarmo"]
[WhiteFideId "14176726"]
[BlackFideId "503134"]
[WhiteElo "2424"]
[BlackElo "2112"]
[Result "1-0"]
[Round "3"]
[TimeControl "180+1"]
[Date "2023.08.15"]
[WhiteClock "0:00:07"]
[BlackClock "0:00:30"]
[Board "182"]

1. d4 d5 2. c4 c5 3. cxd5 Qxd5 4. Nf3 Nf6 5. Nc3 Qd8 6. d5 e6 7. e4 exd5 8. e5 d4 9. exf6 dxc3 10. Bb5+ Bd7 11. Qe2+ Be7 12. fxe7 Qxe7 13. Bxd7+ Nxd7 14. Qxe7+ Kxe7 15. bxc3 Rhe8 16. O-O Kf8 17. Be3 b6 18. Rfd1 Nf6 19. h3 Ne4 20. c4 Rad8 21. Bf4 f6 22. g4 g5 23. Bg3 Kf7 24. Kg2 h6 25. Rxd8 Rxd8 26. Re1 Nd6 27. Rd1 Nb7 28. Rxd8 Nxd8 29. Bb8 Nc6 30. Bc7 Ke7 31. Nd2 Kd7 32. Bg3 a6 33. f4 b5 34. cxb5 axb5 35. f5 Nb4 36. Ne4 Nxa2 37. Nxc5+ Kc6 38. Ne4 b4 39. Nxf6 Nc3 40. Be5 Nd5 41. Nxd5 Kxd5 42. Bb2 b3 43. f6 Ke6 44. Kf3 Kf7 45. Ke4 Ke6 46. Ba1 Kf7 47. Kf5 Ke8 48. Kg6 b2 49. Bxb2 Kf8 50. Ba3+ Ke8 51. f7+ Kd7 52. f8=Q Kc6 53. Qc5+ Kd7 54. Qd6+ Kc8 55. Bc5 Kb7 56. Qb6+ Kc8 57. Kf7 h5 58. gxh5 g4 59. hxg4 Kd7 60. Qb7+ Kd8 61. Bb6# 1-0


[Site "https://www.chess.com"]

[Event "Titled Tuesday Blitz August 15 Early 2023"]
[White "Shohat, Yotam"]
[Black "Vila Dupla, Aurelio"]
[WhiteFideId "2813955"]
[BlackFideId "2203383"]
[WhiteElo "2424"]
[BlackElo "2102"]
[Result "1-0"]
[Round "3"]
[TimeControl "180+1"]
[Date "2023.08.15"]
[WhiteClock "0:01:42"]
[BlackClock "0:01:44"]
[Board "183"]

1. e4 c5 2. Nf3 d6 3. d4 cxd4 4. Nxd4 Nf6 5. Nc3 g6 6. Be3 Bg7 7. f3 O-O 8. Qd2 Nc6 9. O-O-O Nxd4 10. Bxd4 Be6 11. Kb1 Qc7 12. h4 Rfc8 13. h5 Qa5 14. hxg6 hxg6 15. a3 Bc4 16. Bxc4 Rxc4 17. Qd3 Rac8 18. Nd5 Nxd5 19. Bxg7 Kxg7 20. exd5 Rxc2 21. Qd4+ f6 22. Qe3 Kf7 23. Qe6+ 1-0


[Site "https://www.chess.com"]

[Event "Titled Tuesday Blitz August 15 Early 2023"]
[White "Luong Phuong Hanh"]
[Black "ivana_999"]
[WhiteFideId "12401013"]
[WhiteElo "2411"]
[BlackElo "2046"]
[Result "1-0"]
[Round "3"]
[TimeControl "180+1"]
[Date "2023.08.15"]
[WhiteClock "0:01:03"]
[BlackClock "0:00:24"]
[Board "184"]

1. d4 Nf6 2. Nf3 d5 3. c4 c5 4. cxd5 cxd4 5. Qxd4 Qxd5 6. Qxd5 Nxd5 7. e3 Nc6 8. a3 Bg4 9. Be2 e6 10. O-O Be7 11. h3 Bh5 12. e4 Nf6 13. Nc3 Rd8 14. Bg5 O-O 15. Rfd1 h6 16. Be3 Bg6 17. e5 Nd7 18. Bf4 Bh5 19. g4 g5 20. Bg3 Bg6 21. Rd2 Nc5 22. Rad1 Ne4 23. Nxe4 Bxe4 24. Rd7 Rxd7 25. Rxd7 Rd8 26. Rxd8+ Bxd8 27. Nd2 Bd5 28. Bc4 Bc7 29. Bxd5 exd5 30. Nf3 d4 31. Kf1 d3 32. Ke1 Na5 33. e6 Bxg3 34. e7 1-0


[Site "https://www.chess.com"]

[Event "Titled Tuesday Blitz August 15 Early 2023"]
[White "ExchangeAB"]
[Black "White, John S."]
[BlackFideId "2502348"]
[WhiteElo "2410"]
[BlackElo "2020"]
[Result "1-0"]
[Round "3"]
[TimeControl "180+1"]
[Date "2023.08.15"]
[WhiteClock "0:01:32"]
[BlackClock "0:00:42"]
[Board "185"]

1. d4 Nf6 2. Nc3 g6 3. e4 d6 4. Bf4 Bg7 5. Qd2 O-O 6. O-O-O Nbd7 7. Nf3 c5 8. d5 a6 9. e5 dxe5 10. Nxe5 b5 11. Nc6 Qe8 12. d6 e5 13. Ne7+ Kh8 14. Bh6 Bb7 15. Bxg7+ Kxg7 16. h4 b4 17. Ncd5 Nxd5 18. Nxd5 Bxd5 19. Qxd5 Qd8 20. h5 Qg5+ 21. Kb1 Rac8 22. Bxa6 Rb8 23. g3 Rfd8 24. f4 exf4 25. Qxg5 1-0


[Site "https://www.chess.com"]

[Event "Titled Tuesday Blitz August 15 Early 2023"]
[White "Nakamura, Hikaru"]
[Black "Stangl, Anita, Dr."]
[WhiteFideId "2016192"]
[BlackFideId "4608801"]
[WhiteElo "3239"]
[BlackElo "2078"]
[Result "1-0"]
[Round "3"]
[TimeControl "180+1"]
[Date "2023.08.15"]
[WhiteClock "0:01:41"]
[BlackClock "0:00:51"]
[Board "186"]

1. b3 e6 2. Bb2 d5 3. Nf3 c6 4. e3 Nf6 5. d4 Bd6 6. Bd3 Nbd7 7. O-O Ne4 8. Nbd2 f5 9. c4 Qf6 10. a4 O-O 11. Ba3 Bxa3 12. Rxa3 e5 13. cxd5 cxd5 14. dxe5 Nxe5 15. Nxe5 Qxe5 16. Nf3 Qd6 17. Ra1 Be6 18. Nd4 Rad8 19. f4 Bd7 20. Bxe4 dxe4 21. Qe2 Qb4 22. Rfd1 a6 23. Rac1 b5 24. axb5 axb5 25. Rc7 Rfe8 26. h4 Be6 27. Qh5 Bxb3 28. Qg5 g6 29. Rb1 Qd6 30. Ra7 Bc4 31. Nxf5 Qd3 32. Rg7+ Kh8 33. Rxh7+ 1-0


[Site "https://www.chess.com"]

[Event "Titled Tuesday Blitz August 15 Early 2023"]
[White "Samaganova, Aleksandra"]
[Black "Javakhadze, Zurab"]
[WhiteFideId "13800221"]
[BlackFideId "13603647"]
[WhiteElo "2314"]
[BlackElo "2758"]
[Result "0-1"]
[Round "3"]
[TimeControl "180+1"]
[Date "2023.08.15"]
[WhiteClock "0:00:06"]
[BlackClock "0:01:04"]
[Board "187"]

1. c4 g6 2. Nc3 Bg7 3. g3 Nf6 4. Bg2 O-O 5. e3 e6 6. Nge2 d5 7. cxd5 exd5 8. d4 c6 9. O-O Bf5 10. h3 h5 11. Nf4 Re8 12. Nd3 Nbd7 13. b4 Nb6 14. b5 Nc4 15. a4 Rc8 16. bxc6 bxc6 17. Nc5 Nd7 18. Nxd7 Qxd7 19. a5 Bxh3 20. Na4 Bxg2 21. Kxg2 c5 22. Ra2 cxd4 23. exd4 Qf5 24. Nc5 h4 25. g4 Qf6 26. Qf3 Qxf3+ 27. Kxf3 Bxd4 28. Nb7 Re6 29. Bg5 Bf6 30. Bf4 g5 31. Bc1 Ne5+ 32. Kg2 Nxg4 33. Ba3 Rc3 34. Bb4 h3+ 35. Kh1 Rb3 36. Nc5 Rxb4 37. Nxe6 fxe6 38. Re1 Kf7 39. Rc2 Rf4 40. Ree2 Bd4 41. Kg1 Nxf2 42. Kh2 g4 43. Kg3 Rf3+ 44. Kh2 g3+ 45. Kg1 h2+ 46. Kg2 h1=Q# 0-1


[Site "https://www.chess.com"]

[Event "Titled Tuesday Blitz August 15 Early 2023"]
[White "Jogstad, Martin"]
[Black "Rakhimzhan_Alen"]
[WhiteFideId "1715364"]
[WhiteElo "2309"]
[BlackElo "2665"]
[Result "0-1"]
[Round "3"]
[TimeControl "180+1"]
[Date "2023.08.15"]
[WhiteClock "0:00:00"]
[BlackClock "0:01:14"]
[Board "188"]

1. d4 Nf6 2. c4 e6 3. Nc3 Bb4 4. a3 Bxc3+ 5. bxc3 c5 6. f3 d5 7. cxd5 exd5 8. e3 O-O 9. Bd3 Qa5 10. Bd2 c4 11. Bc2 Re8 12. Ne2 Nc6 13. g4 b5 14. Kf2 Qd8 15. h4 Bxg4 16. fxg4 Nxg4+ 17. Kf3 h5 18. Nf4 Qf6 19. Qe2 Rxe3+ 20. Bxe3 Re8 21. Rae1 Rxe3+ 22. Qxe3 Nxe3 23. Rxe3 Ne7 24. Re5 g6 25. Rhe1 Qxh4 26. Rxe7 Qg4+ 27. Ke3 Qg3+ 28. Kd2 Qxf4+ 29. R1e3 h4 30. Bd1 h3 31. Bf3 h2 32. Bxd5 h1=Q 33. Bxh1 Qh2+ 34. Re2 Qxh1 35. Rxa7 Qf3 36. Rae7 Qd3+ 37. Ke1 Qxc3+ 38. Rd2 Qxa3 39. Re8+ Kg7 40. d5 Qg3+ 41. Kd1 c3 42. Rd4 Qg1+ 43. Re1 Qxd4+ 0-1


[Site "https://www.chess.com"]

[Event "Titled Tuesday Blitz August 15 Early 2023"]
[White "Boyer, Mahel"]
[Black "Shapiro, Daniel"]
[WhiteFideId "45102422"]
[BlackFideId "2001780"]
[WhiteElo "2665"]
[BlackElo "2305"]
[Result "1-0"]
[Round "3"]
[TimeControl "180+1"]
[Date "2023.08.15"]
[WhiteClock "0:00:32"]
[BlackClock "0:00:00"]
[Board "189"]

1. e4 c5 2. Nc3 a6 3. d4 cxd4 4. Qxd4 Nc6 5. Qd3 e6 6. Bf4 d6 7. O-O-O e5 8. Be3 Be6 9. f4 f6 10. g3 Nh6 11. f5 Bf7 12. Bxh6 gxh6 13. Nf3 h5 14. Nd5 Bg7 15. Kb1 Ne7 16. Nxe7 Kxe7 17. Nd2 Qc7 18. Nc4 Rhd8 19. Ne3 Rac8 20. c3 d5 21. Nxd5+ Bxd5 22. exd5 Rd6 23. Be2 Rcd8 24. Qf3 Qc5 25. Qxh5 Rxd5 26. Qxh7 Kf8 27. Qh5 Qf2 28. Rxd5 Rxd5 29. Bc4 Rd7 30. Be6 Qg2 31. Rd1 Qe4+ 32. Ka1 Rxd1+ 33. Qxd1 1-0


[Site "https://www.chess.com"]

[Event "Titled Tuesday Blitz August 15 Early 2023"]
[White "Andreev, Konstantin"]
[Black "Saucey, Michel"]
[WhiteFideId "24239305"]
[BlackFideId "601845"]
[WhiteElo "2624"]
[BlackElo "2303"]
[Result "1-0"]
[Round "3"]
[TimeControl "180+1"]
[Date "2023.08.15"]
[WhiteClock "0:02:00"]
[BlackClock "0:00:00"]
[Board "190"]

1. e4 c5 2. Nf3 e6 3. d4 cxd4 4. Nxd4 Nc6 5. Nc3 Qc7 6. g4 a6 7. h4 b5 8. Nxc6 dxc6 9. a3 Bb7 10. Qf3 Ne7 11. Bf4 e5 12. Be3 Ng6 13. h5 Nf4 14. Bxf4 exf4 15. O-O-O Bd6 16. g5 O-O-O 17. Bh3+ Kb8 18. Ne2 Be5 19. c3 c5 20. Bg2 Qe7 21. Qg4 Qc7 22. Kb1 Bc8 23. Qf3 Be6 24. Bh3 Bb3 25. Rxd8+ Rxd8 26. Nc1 c4 27. Nxb3 cxb3 28. Rd1 Kb7 29. Rd5 f6 30. g6 hxg6 31. hxg6 Rxd5 32. exd5 Qd6 33. Qg4 Kb6 34. Qc8 Qc5 35. Qe6+ Ka5 36. Qg4 Qxf2 37. Qd1 Ka4 38. d6 Bxd6 39. Be6 Qc2+ 40. Qxc2 bxc2+ 41. Kxc2 f3 42. Bg4 f2 43. Bh3 Ka5 44. Kd3 Kb6 45. Kd4 Kc6 46. Bg2+ Kd7 47. Kd5 Be5 48. Bh3+ Ke7 49. Kc6 f5 50. Kb6 Kf6 51. Kxa6 Kxg6 52. Kxb5 Kf6 53. a4 g5 54. a5 g4 55. Bf1 f4 56. a6 Bb8 57. Kb6 f3 58. Kb7 1-0


[Site "https://www.chess.com"]

[Event "Titled Tuesday Blitz August 15 Early 2023"]
[White "Ivanov, Alexey"]
[Black "Blokhin, Sofia"]
[WhiteFideId "4167635"]
[BlackFideId "4508190"]
[WhiteElo "2601"]
[BlackElo "2296"]
[Result "1-0"]
[Round "3"]
[TimeControl "180+1"]
[Date "2023.08.15"]
[WhiteClock "0:02:43"]
[BlackClock "0:02:11"]
[Board "191"]

1. Nf3 g6 2. c4 Bg7 3. Nc3 f5 4. d4 Nf6 5. g3 O-O 6. Bg2 d6 7. O-O Nc6 8. d5 Na5 9. Nd2 c5 10. Qc2 a6 11. b3 Rb8 12. Rb1 b5 13. Bb2 bxc4 14. bxc4 e5 15. Ba1 e4 16. Rxb8 1-0


[Site "https://www.chess.com"]

[Event "Titled Tuesday Blitz August 15 Early 2023"]
[White "Wang, Alexander J"]
[Black "Khater, Sherif"]
[WhiteFideId "30955270"]
[BlackFideId "2034280"]
[WhiteElo "2291"]
[BlackElo "2557"]
[Result "0-1"]
[Round "3"]
[TimeControl "180+1"]
[Date "2023.08.15"]
[WhiteClock "0:01:47"]
[BlackClock "0:02:43"]
[Board "192"]

1. e4 a6 2. d4 c6 3. Nf3 d5 4. e5 Bf5 5. c3 e6 6. Bd3 Ne7 7. O-O Qc7 8. Bf4 Nd7 9. Bxf5 Nxf5 10. Nbd2 h6 11. Bg3 Nxg3 12. hxg3 c5 13. Re1 cxd4 14. cxd4 Bb4 15. a3 Bxd2 16. Qxd2 O-O 17. Rac1 Qb6 18. b4 Qb5 19. Qe2 Rac8 20. Qxb5 axb5 21. Nd2 Nb6 22. Nb3 Nc4 23. Ra1 b6 24. a4 bxa4 25. Rxa4 Ra8 26. Rea1 Rxa4 27. Rxa4 g5 28. b5 Rc8 29. Ra6 Kg7 30. Nc1 Nxe5 31. dxe5 Rxc1+ 32. Kh2 Re1 33. f4 Re4 34. Rxb6 gxf4 35. gxf4 Rxf4 36. Rd6 Rb4 37. b6 Kg6 38. g4 Rxg4 39. Rd8 Rb4 40. Rg8+ Kf5 0-1


[Site "https://www.chess.com"]

[Event "Titled Tuesday Blitz August 15 Early 2023"]
[White "Nguyen Hong Anh"]
[Black "Wimalasuriya, Kasun M."]
[WhiteFideId "12406732"]
[BlackFideId "9906789"]
[WhiteElo "2543"]
[BlackElo "2290"]
[Result "1-0"]
[Round "3"]
[TimeControl "180+1"]
[Date "2023.08.15"]
[WhiteClock "0:02:34"]
[BlackClock "0:02:25"]
[Board "193"]

1. d4 Nf6 2. c4 g6 3. Nf3 Bg7 4. g3 O-O 5. Bg2 d6 6. O-O Nc6 7. d5 Na5 8. Qc2 c5 9. Nfd2 Rb8 10. Nc3 a6 11. b3 b5 12. Bb2 bxc4 13. bxc4 Bd7 14. Rab1 Qc7 15. Nd1 Bf5 16. e4 Bg4 17. Ne3 Bd7 18. Bc3 Rb7 19. Bxa5 1-0


[Site "https://www.chess.com"]

[Event "Titled Tuesday Blitz August 15 Early 2023"]
[White "Hajiyev, Kanan"]
[Black "Rodriguez Santiago, Jaime"]
[WhiteFideId "13404148"]
[BlackFideId "3100898"]
[WhiteElo "2526"]
[BlackElo "2288"]
[Result "1-0"]
[Round "3"]
[TimeControl "180+1"]
[Date "2023.08.15"]
[WhiteClock "0:01:50"]
[BlackClock "0:00:13"]
[Board "194"]

1. d4 Nf6 2. Nf3 d5 3. c4 e6 4. cxd5 Nxd5 5. e4 Nb6 6. a4 c5 7. a5 N6d7 8. Nc3 cxd4 9. Nxd4 Bb4 10. Be3 O-O 11. a6 Nxa6 12. Bxa6 bxa6 13. O-O Bb7 14. f3 Rc8 15. Qb3 Qe7 16. Na2 a5 17. Nxb4 axb4 18. Rxa7 Rb8 19. Bf4 e5 20. Nf5 Qc5+ 21. Be3 Qb5 22. Rc1 Nb6 23. Nd6 1-0


[Site "https://www.chess.com"]

[Event "Titled Tuesday Blitz August 15 Early 2023"]
[White "Ai, Evan"]
[Black "Haszon, David"]
[WhiteFideId "2094770"]
[BlackFideId "733610"]
[WhiteElo "2286"]
[BlackElo "2525"]
[Result "1-0"]
[Round "3"]
[TimeControl "180+1"]
[Date "2023.08.15"]
[WhiteClock "0:00:15"]
[BlackClock "0:00:14"]
[Board "195"]

1. e4 c5 2. Nf3 e6 3. d4 cxd4 4. Nxd4 Nf6 5. Nc3 Nc6 6. Nxc6 bxc6 7. e5 Nd5 8. Ne4 Bb7 9. f4 Qb6 10. c4 Ne3 11. Qd3 Nf5 12. Be2 Bc5 13. a3 a5 14. g4 Nd4 15. Nxc5 Qxc5 16. Bd1 Qb6 17. Rf1 c5 18. Bd2 a4 19. Bc3 Bc6 20. f5 Nb3 21. Bxb3 Qxb3 22. Kd2 Qb7 23. Rae1 Rb8 24. Qd6 Kd8 25. Kc1 Kc8 26. Qxc5 Qb6 27. Qxb6 Rxb6 28. Bd4 Rb3 29. Re3 Rxe3 30. Bxe3 Be4 31. Bd4 Bd3 32. Rf3 Bxc4 33. Rc3 d5 34. exd6 Kd7 35. Rxc4 Kxd6 36. Rxa4 Kd5 37. Bxg7 Rg8 38. Bf6 exf5 39. gxf5 Rg1+ 40. Kd2 Rg2+ 41. Ke3 Rxh2 42. Ra5+ Kd6 43. b4 Kd7 44. Kf4 Rf2+ 45. Kg5 h6+ 46. Kxh6 Rxf5 47. Rxf5 Kd6 48. Kg7 1-0


[Site "https://www.chess.com"]

[Event "Titled Tuesday Blitz August 15 Early 2023"]
[White "Konenkin, Dmitry"]
[Black "arenal72"]
[WhiteFideId "4185781"]
[WhiteElo "2286"]
[BlackElo "2490"]
[Result "0-1"]
[Round "3"]
[TimeControl "180+1"]
[Date "2023.08.15"]
[WhiteClock "0:00:00"]
[BlackClock "0:00:09"]
[Board "196"]

1. d4 d6 2. Bg5 h6 3. Bh4 g5 4. Bg3 f5 5. e3 Nf6 6. h4 g4 7. Ne2 Bg7 8. Nf4 Ne4 9. Bd3 Nxg3 10. fxg3 O-O 11. O-O e6 12. c4 Nc6 13. Nc3 e5 14. dxe5 dxe5 15. Nfd5 e4 16. Bc2 Be6 17. Qe2 Ne5 18. Rad1 c6 19. Nf4 Qe7 20. Nxe6 Qxe6 21. c5 Qe7 22. Rd6 Rad8 23. Rfd1 Rxd6 24. cxd6 Qd7 25. Bb3+ Kh7 26. Qd2 b6 27. Ne2 Rf6 28. Nf4 Bf8 29. Qc3 Rxd6 30. Qxe5 Rxd1+ 31. Bxd1 Qxd1+ 32. Kh2 Qd7 33. Qf6 Bg7 34. Qg6+ Kg8 35. Ne6 Qf7 36. Qxf7+ Kxf7 37. Nd8+ Ke8 38. Nxc6 a5 39. b3 Kd7 40. Na7 Be5 41. Nb5 Kc6 42. Na3 b5 43. Nc2 h5 44. Na3 Kc5 45. Nb1 a4 46. Nd2 Kb4 47. Kg1 Bxg3 48. Kf1 Bxh4 49. Ke2 Bf6 50. bxa4 bxa4 51. Nf1 h4 52. Kd2 Be5 53. Ke2 Kc3 0-1


[Site "https://www.chess.com"]

[Event "Titled Tuesday Blitz August 15 Early 2023"]
[White "Levitan, Caleb Levi"]
[Black "Shubenkova, Veronika"]
[WhiteFideId "14332620"]
[BlackFideId "44124040"]
[WhiteElo "2286"]
[BlackElo "2488"]
[Result "0-1"]
[Round "3"]
[TimeControl "180+1"]
[Date "2023.08.15"]
[WhiteClock "0:00:00"]
[BlackClock "0:00:25"]
[Board "197"]

1. e4 c6 2. d4 d5 3. exd5 cxd5 4. Bd3 Nc6 5. c3 Nf6 6. Bf4 e6 7. Nd2 Bd6 8. Bg3 O-O 9. Ngf3 a6 10. O-O Qc7 11. Re1 Bxg3 12. hxg3 Nd7 13. a4 e5 14. dxe5 Re8 15. e6 fxe6 16. Nd4 Nf6 17. N2f3 e5 18. Nxc6 bxc6 19. Bc2 Bg4 20. Qd2 Rad8 21. Qg5 Bxf3 22. gxf3 Re7 23. Kg2 Rde8 24. Rh1 e4 25. fxe4 Nxe4 26. Bxe4 Rxe4 27. Qf5 g6 28. Qg5 Qf7 29. Raf1 Rf8 30. Rh4 Qf3+ 31. Kg1 Re1 32. Qd2 Rxf1+ 33. Kxf1 Qxg3 34. Rh1 Qg4 35. Qd3 Qf4 36. Qc2 Qc4+ 37. Qe2 Qf4 38. Qe6+ Rf7 39. Qe8+ Kg7 40. Qe2 Qf5 41. Kg2 Qg5+ 42. Kf1 Re7 43. Qd3 Re5 44. Qd4 Kg8 45. f4 Rf5 0-1


[Site "https://www.chess.com"]

[Event "Titled Tuesday Blitz August 15 Early 2023"]
[White "Delorme, Axel"]
[Black "Ouellet, Maili-Jade"]
[WhiteFideId "632023"]
[BlackFideId "2620472"]
[WhiteElo "2488"]
[BlackElo "2282"]
[Result "1/2-1/2"]
[Round "3"]
[TimeControl "180+1"]
[Date "2023.08.15"]
[WhiteClock "0:00:06"]
[BlackClock "0:00:03"]
[Board "198"]

1. e4 c6 2. d4 d5 3. Nc3 dxe4 4. Nxe4 Nf6 5. Nxf6+ exf6 6. Bc4 Bd6 7. Qe2+ Qe7 8. Qxe7+ Kxe7 9. Ne2 Re8 10. Be3 Be6 11. Bd3 Nd7 12. Bf4 Nb6 13. Bxd6+ Kxd6 14. O-O-O a5 15. b3 a4 16. c4 Kc7 17. Kb2 Bf5 18. Rhe1 Bxd3 19. Rxd3 axb3 20. axb3 Re7 21. Re3 Rxe3 22. fxe3 Re8 23. Nc3 f5 24. Kc2 Nd7 25. Kd2 Nf6 26. Rf1 g6 27. b4 Kd6 28. h3 h5 29. Kd3 Ra8 30. Kc2 Re8 31. Kd3 Ra8 32. b5 Ra3 33. Kc2 Ke6 34. bxc6 bxc6 35. Kb2 Ra8 36. Kc2 Ra3 37. Rb1 Ne4 38. Rb3 Rxb3 39. Kxb3 Nd2+ 40. Kb4 Kd6 41. h4 f6 42. c5+ Kc7 43. d5 Nf1 44. d6+ Kd7 45. e4 f4 46. Kc4 Ne3+ 47. Kd4 Nxg2 48. e5 fxe5+ 49. Kxe5 f3 50. Ne4 Nxh4 51. Kf4 Kd8 52. Kg3 Nf5+ 53. Kxf3 Nd4+ 54. Kf4 Ne6+ 55. Kg3 g5 56. Kf3 h4 57. Kg4 Kd7 58. Nf6+ Kd8 59. Ne4 Kd7 60. Nf6+ Kd8 61. Ne4 1/2-1/2


[Site "https://www.chess.com"]

[Event "Titled Tuesday Blitz August 15 Early 2023"]
[White "Pumpkin_in_moonlight"]
[Black "Iljin, Timofey"]
[BlackFideId "14110180"]
[WhiteElo "2277"]
[BlackElo "2484"]
[Result "0-1"]
[Round "3"]
[TimeControl "180+1"]
[Date "2023.08.15"]
[WhiteClock "0:00:10"]
[BlackClock "0:00:17"]
[Board "199"]

1. e4 e5 2. Nf3 Nc6 3. Bc4 Nf6 4. d3 d5 5. exd5 Nxd5 6. O-O Bc5 7. a3 O-O 8. b4 Bd4 9. Nxd4 Nxd4 10. c3 Nc6 11. Bb2 Nf4 12. Qf3 Qg5 13. Kh1 Bg4 14. Qg3 h5 15. f3 Ne2 16. Qf2 Nf4 17. fxg4 hxg4 18. Nd2 Rad8 19. Ne4 Qh6 20. Bc1 g5 21. Be3 Kg7 22. Rad1 f5 23. Nc5 b6 24. Bxf4 bxc5 25. Be3 f4 26. Bxc5 g3 27. Qg1 Rh8 28. d4 Qxh2+ 29. Qxh2 Rxh2+ 30. Kg1 Rdh8 31. Be6 Rh1# 0-1


[Site "https://www.chess.com"]

[Event "Titled Tuesday Blitz August 15 Early 2023"]
[White "Pandey Srishti"]
[Black "Barwinska, Ewa"]
[WhiteFideId "35093290"]
[BlackFideId "21833761"]
[WhiteElo "2472"]
[BlackElo "2273"]
[Result "1-0"]
[Round "3"]
[TimeControl "180+1"]
[Date "2023.08.15"]
[WhiteClock "0:01:46"]
[BlackClock "0:00:04"]
[Board "201"]

1. e4 c5 2. Nf3 d6 3. d4 cxd4 4. Nxd4 Nf6 5. Nc3 a6 6. h3 e5 7. Nf3 b5 8. Be3 Bb7 9. a4 b4 10. Nd5 Nxd5 11. exd5 Nd7 12. Bc4 Be7 13. O-O O-O 14. a5 f5 15. Ne1 f4 16. Bd2 Rc8 17. b3 e4 18. Bxb4 Ne5 19. Be2 Bf6 20. Ra4 Be7 21. Ba3 f3 22. gxf3 exf3 23. Nxf3 Qd7 24. Nxe5 dxe5 25. Bg4 Qd8 26. Bxe7 Qxe7 27. d6 Qg5 28. Rb4 Bc6 29. Rb6 Bb5 30. c4 Bd7 31. f4 exf4 32. Qd5+ Qxd5 33. cxd5 Bxg4 34. hxg4 Rcd8 35. Rxa6 Rf6 36. b4 Rfxd6 37. Rxd6 Rxd6 38. Rxf4 Rxd5 39. a6 Rd2 40. b5 g5 41. Rf5 Rb2 42. a7 Ra2 43. b6 Kg7 44. b7 Kg6 45. b8=Q 1-0


[Site "https://www.chess.com"]

[Event "Titled Tuesday Blitz August 15 Early 2023"]
[White "Garcia-Castany Musellas, Gal.la"]
[Black "favesaul"]
[WhiteFideId "2241803"]
[WhiteElo "2270"]
[BlackElo "2466"]
[Result "0-1"]
[Round "3"]
[TimeControl "180+1"]
[Date "2023.08.15"]
[WhiteClock "0:00:00"]
[BlackClock "0:00:03"]
[Board "202"]

1. e4 c5 2. Nf3 e6 3. g3 Nc6 4. Bg2 d5 5. exd5 Qxd5 6. O-O Qd7 7. Na3 Nf6 8. Nc4 Be7 9. a4 O-O 10. d3 Nd5 11. Nfe5 Nxe5 12. Nxe5 Qc7 13. Re1 Rb8 14. Nc4 Qd8 15. Qe2 b6 16. h4 Bb7 17. Qh5 Nf6 18. Qe2 Bxg2 19. Kxg2 Qd5+ 20. Qf3 Rfd8 21. Bf4 Rbc8 22. Re5 Qxf3+ 23. Kxf3 Nd5 24. Bd2 Bf6 25. Ree1 h6 26. Kg2 Ne7 27. Rh1 Nc6 28. Bc3 Nd4 29. g4 Nxc2 30. Rac1 Nd4 31. Rce1 Rd5 32. Re4 Rcd8 33. f4 g6 34. g5 hxg5 35. hxg5 Bg7 36. Re3 Nf5 37. Reh3 Bxc3 38. bxc3 Kf8 39. Rh8+ Ke7 40. Rxd8 Rxd8 41. Ne5 c4 42. Rh7 cxd3 43. Rxf7+ Kd6 44. Kf3 d2 45. Ke2 Kc5 0-1


[Site "https://www.chess.com"]

[Event "Titled Tuesday Blitz August 15 Early 2023"]
[White "Molenda, Marcin"]
[Black "Hrescak, Ivana"]
[WhiteFideId "1173065"]
[BlackFideId "14613441"]
[WhiteElo "2459"]
[BlackElo "2270"]
[Result "1-0"]
[Round "3"]
[TimeControl "180+1"]
[Date "2023.08.15"]
[WhiteClock "0:00:03"]
[BlackClock "0:00:02"]
[Board "203"]

1. e4 e5 2. Nf3 Nc6 3. Bb5 a6 4. Ba4 b5 5. Bb3 g6 6. d4 exd4 7. Nxd4 Na5 8. O-O Bg7 9. e5 Ne7 10. Bxf7+ Kxf7 11. Qf3+ Nf5 12. Nxf5 gxf5 13. Qxa8 Nc6 14. a4 b4 15. Nd2 Bxe5 16. Nf3 Bf6 17. Bf4 Rg8 18. Rad1 Bxb2 19. Rd5 Ne7 20. Rd3 d6 21. Ng5+ Kg6 22. Qf3 Bd7 23. Qg3 Kf6 24. Nxh7+ Kf7 25. Ng5+ Kf8 26. Re1 Bf6 27. h4 Qe8 28. Rde3 Qh5 29. Bxd6 cxd6 30. Qxd6 Bxg5 31. hxg5 Qxg5 32. Qxe7+ Qxe7 33. Rxe7 Bxa4 34. Ra7 Bc6 35. Re6 Bxg2 36. Rb6 Be4+ 37. Kh2 Rg2+ 38. Kh3 Rxf2 39. Rb8# 1-0


[Site "https://www.chess.com"]

[Event "Titled Tuesday Blitz August 15 Early 2023"]
[White "Itkis, Boris"]
[Black "Ardila, Oscar Humberto"]
[WhiteFideId "1209167"]
[BlackFideId "4404742"]
[WhiteElo "2452"]
[BlackElo "2261"]
[Result "1-0"]
[Round "3"]
[TimeControl "180+1"]
[Date "2023.08.15"]
[WhiteClock "0:01:42"]
[BlackClock "0:00:19"]
[Board "204"]

1. c4 Nf6 2. Nf3 e6 3. e3 Be7 4. b3 O-O 5. Bb2 d5 6. g3 c5 7. Bg2 Nc6 8. O-O Bd7 9. Nc3 d4 10. exd4 cxd4 11. Nb5 e5 12. Re1 Bg4 13. h3 Bxf3 14. Bxf3 a6 15. Na3 Qd7 16. Bg2 Rfe8 17. d3 Bb4 18. Re2 Rad8 19. Nc2 Bc3 20. Rb1 Bxb2 21. Rxb2 b5 22. Rb1 bxc4 23. bxc4 Rb8 24. Rxb8 Rxb8 25. Bxc6 Qxc6 26. Rxe5 Qd6 27. Re2 Rb2 28. Qa1 Qb6 29. Kh2 h6 30. c5 Qb7 31. c6 Qb6 32. c7 Rb1 33. c8=Q+ Kh7 34. Qxd4 1-0


[Site "https://www.chess.com"]